 Dungeon Crawl Stone Soup version 0.18.1-48-g4cf74bf (webtiles) character file.

390 WarriorsX the Skirmisher (level 7, -5/55 HPs)
             Began as a Human Fighter on July 30, 2016.
             Splashed by a jelly's acid (8 damage)
             ... on level 5 of the Dungeon.
             The game lasted 00:10:09 (4352 turns).

WarriorsX the Skirmisher (Human Fighter)            Turns: 4352, Time: 00:10:11

Health: -5/55      AC:  2    Str: 18    XL:     7   Next: 7%
Magic:  7/7        EV:  7    Int:  8    God:
Gold:   208        SH: 10    Dex: 13    Spells: 0 memorised, 6 levels left

rFire  . . .     SeeInvis .     B - +2 rapier (protect)
rCold  . . .     Gourm    +     b - +0 scale mail
rNeg   . . .     Faith    .     c - +1 shield
rPois  .         Spirit   .     y - +1 helmet
rElec  .         Dismiss  .     E - +0 cloak
rCorr  .         Reflect  .     k - +1 pair of gloves
SustAt +         Harm     .     n - +0 pair of boots
MR     .....                    G - amulet of the gourmand
Stlth  ..........               (no ring)
                                s - ring of sustain attributes

@: corroded, not resistant to hostile enchantments, extremely unstealthy
A: no striking features
a: no special abilities


You were on level 5 of the Dungeon.
You were not hungry.

You visited 1 branch of the dungeon, and saw 5 of its levels.

You collected 208 gold pieces.

Inventory:

Hand Weapons
 a - a +0 long sword
 B - a +2 rapier of protection (weapon)
Armour
 b - a +0 scale mail (worn)
 c - a +1 shield (worn)
 k - a +1 pair of gloves (worn)
 n - a +0 pair of boots (worn)
 y - a +1 helmet (worn)
 E - a +0 cloak (worn)
Jewellery
 p - an uncursed amulet of rage
 s - a ring of sustain attributes (left hand)
 u - an uncursed ring of teleportation
 A - an uncursed ring of magical power
 F - an uncursed amulet of dismissal
 G - an amulet of the gourmand (around neck)
Wands
 C - a wand of flame (25/48)
Scrolls
 i - 2 scrolls of magic mapping
 j - a scroll of noise
 m - 2 scrolls of identify
 o - a scroll of enchant armour
 v - a scroll of teleportation
Potions
 d - 2 potions of might
 e - a potion of invisibility
 h - a potion of lignification
 l - a potion of resistance
 q - 2 potions of flight
 t - a potion of brilliance
 x - 2 potions of agility
 D - a potion of curing {unknown}
Comestibles
 f - 4 bread rations
 g - 3 meat rations
 r - a slice of pizza


   Skills:
 + Level 4.5 Fighting
 + Level 1.1(3.0) Short Blades
 + Level 4.4(4.5) Long Blades
 - Level 4.0 Armour
 - Level 4.0 Shields


You had 6 spell levels left.
You didn't know any spells.

Dungeon Overview and Level Annotations

Branches:
Dungeon (5/15)
 Temple: D:4-7

Altars:
Elyvilon
Gozag
Nemelex Xobeh
Qazlal
Xom
Zin

Shops:
D:5 *


Message History

You hit the jelly but do no damage.
Your hands burn!
The jelly is almost dead.
The jelly hits you.
You are splashed with acid!
The acid corrodes you!
The acid burns!
* * * LOW HITPOINT WARNING * * *
You hit the jelly but do no damage.
Your hands burn!
* * * LOW HITPOINT WARNING * * *
The jelly is almost dead.
You block the jelly's attack.
You hit the jelly but do no damage.
Your hands burn!
* * * LOW HITPOINT WARNING * * *
The jelly is almost dead.
You block the jelly's attack.
You hit the jelly but do no damage.
Your hands burn!
* * * LOW HITPOINT WARNING * * *
The jelly is almost dead.
The jelly hits you.
* * * LOW HITPOINT WARNING * * *
You are splashed with acid!
The acid burns!
You die...

.. #..............# #.#
... #..........###.###.#
.... #..........# #.....#
.(...#..........#########
......................#
.....#..........#####.#
.... ##.......### #.# ...
#.##....#######.# ..
#.##.....J@...#.. .
..#.##....#####.###
..........# # ..........#
.....#.### ........#
........# .%......#
.........


You could see a jelly.

Vanquished Creatures
  An ice beast (D:5)
  A crimson imp (D:4)
  A jelly (D:4)
  3 worker ants
  A gnoll (D:1)
  9 adders
  An adder skeleton (D:5)
  2 worms
  7 orcs
  5 giant cockroaches
  3 goblins
  8 hobgoblins
  A quokka (D:2)
  2 ball pythons
  6 bats
  7 giant newts
  6 kobolds
  7 rats
71 creatures vanquished.

Notes
Turn   | Place    | Note
--------------------------------------------------------------
     0 | D:1      | WarriorsX the Human Fighter began the quest for the Orb.
     0 | D:1      | Reached XP level 1. HP: 18/18 MP: 1/1
   206 | D:1      | Reached XP level 2. HP: 24/24 MP: 2/2
   392 | D:1      | Reached XP level 3. HP: 11/29 MP: 3/3
  1190 | D:2      | Reached XP level 4. HP: 33/35 MP: 4/4
  1658 | D:3      | Found a glowing silver altar of Zin.
  1658 | D:3      | Found a shimmering altar of Xom.
  1658 | D:3      | Noticed an angel
  1774 | D:3      | Found a stormy altar of Qazlal.
  1775 | D:3      | Found a white marble altar of Elyvilon.
  2202 | D:3      | Reached XP level 5. HP: 42/42 MP: 5/5
  2757 | D:4      | Found an opulent altar of Gozag.
  2757 | D:4      | Found a sparkling altar of Nemelex Xobeh.
  2983 | D:4      | Reached XP level 6. HP: 40/48 MP: 6/6
  3576 | D:5      | Entered Level 5 of the Dungeon
  3953 | D:5      | Found Cogi's Elemental Accessories.
  3986 | D:5      | Noticed an ice beast
  4002 | D:5      | Killed an ice beast
  4002 | D:5      | Reached skill level 1 in Short Blades
  4002 | D:5      | Reached XP level 7. HP: 26/55 MP: 7/7
  4352 | D:5      | Splashed by a jelly's acid

Skill      XL: |  1  2  3  4  5  6 |
---------------+-------------------+-----
Armour         | 4 |  4.0
Shields        | 4 |  4.0
Fighting       | 4 |  4.5
Long Blades    | 3 4 |  4.4
Short Blades   | 1 |  1.1

Action                   |  1- 3 |  4- 6 |  7- 9 || total
-------------------------+-------+-------+-------++-------
Melee: Long sword        |   118 |   199 |       ||   317
       Rapier            |       |    47 |    36 ||    83
  Use: Scroll            |       |     7 |     3 ||    10
       Potion            |       |     8 |       ||     8
 Stab: Distracted        |       |     1 |       ||     1
  Eat: Chunk             |     1 |     8 |     1 ||    10
       Beef jerky        |       |     1 |       ||     1
Armor: Scale mail        |    68 |   131 |    14 ||   213
Dodge: Dodged            |    34 |    55 |     8 ||    97
Block: Shield            |    63 |   140 |    18 ||   221
